 Dungeon Crawl Stone Soup version 0.29.1-1-gd02db6906a (webtiles) character file.

Game seed: 9841175690016694030

1859 hawla the Destroyer (level 8, -15/61 HPs)
             Began as a Purple Draconian Conjurer on Oct 8, 2022.
             Was an Initiate of Vehumet.
             Killed from afar by a steam dragon (27 damage)
             ... with a ball of steam
             ... on level 7 of the Dungeon.
             The game lasted 00:21:50 (8677 turns).

hawla the Destroyer (Purple Draconian Conjurer)     Turns: 8677, Time: 00:21:51

Health: -15/61     AC:  6    Str: 11    XL:     8   Next: 89%
Magic:  9/14       EV: 12    Int: 21    God:    Vehumet [......]
Gold:   290        SH:  0    Dex: 13    Spells: 1/15 levels left

rFire   . . .      SeeInvis .   i - +6 dagger of Absolution {flame, rN+ Str-4 Dex+3 Stlth+}
rCold   . . .      Faith    .   (no shield)
rNeg    + . .      Spirit   .   (body armour unavailable)
rPois   .          Reflect  .   (helmet restricted)
rElec   .          Harm     .   a - scarf {repulsion}
rCorr   .          Rampage  .   (no gloves)
Will    +....                   (no boots)
Stlth   +++.......              (no amulet)
HPRegen 0.20/turn               l - +6 ring of strength
MPRegen 0.14/turn               (no ring)

@: repel missiles
A: breathe power, AC +6, unfitting armour, cold-blooded
a: Breathe Dispelling Energy, Renounce Religion


You were on level 7 of the Dungeon.
You worshipped Vehumet.
Vehumet was noncommittal.
You visited 2 branches of the dungeon, and saw 8 of its levels.

You collected 422 gold pieces.
You spent 132 gold pieces at shops.

Inventory:

Hand Weapons
 i - the +6 dagger of Absolution (weapon) {flame, rN+ Str-4 Dex+3 Stlth+}
   (You found it on level 3 of the Dungeon)

   It burns those it strikes, dealing additional fire damage.
   Str:       It affects your strength (-4).
   Dex:       It affects your dexterity (+3).
   rN:        It protects you from negative energy.
   Stlth:     It makes you more stealthy.
Missiles
 d - 9 poisoned darts (quivered)
Armour
 a - a scarf of repulsion (worn)
Jewellery
 l - a +6 ring of strength (left hand)
Wands
 g - a wand of light (5)
 k - a wand of flame (47)
Scrolls
 b - 2 scrolls of teleportation
 e - a scroll of brand weapon
 j - 2 scrolls of identify
Potions
 c - a potion of might
 f - 3 potions of curing
 h - a potion of brilliance {unknown}
 n - 2 potions of heal wounds {unknown}
 o - 2 potions of resistance {unknown}
 q - a potion of flight {unknown}


   Skills:
 - Level 2.0(1.0) Fighting
 - Level 3.0(1.5) Short Blades
 - Level 3.3(1.6) Dodging
 - Level 3.3(1.6) Stealth
 - Level 4.2(2.1) Spellcasting
 - Level 8.0(4.0) Conjurations
 - Level 2.3(1.1) Hexes
 - Level 4.3(2.1) Translocations
 - Level 1.0(0.5) Ice Magic
 * Level 2.9(1.4) Air Magic
 - Level 0.3(0.1) Evocations


You had one spell level left.
You knew the following spells:

 Your Spells              Type           Power      Damage    Failure   Level
a - Magic Dart            Conj           76%        1d6       2%          1
b - Searing Ray           Conj           38%        2d5       4%          2
c - Iskenderun's Mystic   Conj/Tloc      15%        2d5       38%         4
d - Ensorcelled Hibernat  Hex/Ice        10%        N/A       16%         2
e - Apportation           Tloc           22%        N/A       6%          1
f - Airstrike             Air            4%         2d(1-17)  61%         4

Your spell library contained the following spells:

 Spells                   Type           Power      Damage    Failure   Level
 Necrotise                Necr           8%         1d4       14%         1
 Sting                    Tmut/Pois      8%         1d3       14%         1
 Summon Small Mammal      Summ           8%         N/A       14%         1
 Blink                    Tloc           22%        N/A       9%          2
 Dazzling Flash           Conj/Hex       26%        N/A       16%         3
 Lesser Beckoning         Tloc           11%        N/A       19%         3
 Passwall                 Tmut/Erth      1%         N/A       22%         2
 Swiftness                Air            8%         N/A       24%         3
 Fulminant Prism          Conj/Hex       6%         3d7       45%         4
 Manifold Assault         Tloc           11%        N/A       86%         5
 Silence                  Hex/Air        3%         N/A       93%         5
 Alistair's Intoxication  Tmut/Pois      1%         N/A       99%         5


Dungeon Overview and Level Annotations

Branches:
Dungeon (7/15)             Temple (1/1) D:6

Altars:
Ashenzari
Dithmenos
Gozag
Hepliaklqana
Makhleb
Nemelex Xobeh
Okawaru
Ru
Sif Muna
Trog
Uskayaw
Vehumet
Wu Jian
Xom
Yredelemnul
The Shining One

Shops:
D:7 *

Annotations:
D:4 1 runed translucent door, XxsatanxX's ghost, amateur MiBe


Innate Abilities, Weirdness & Mutations

You can breathe bolts of dispelling energy.
Your rich purple scales are hard. (AC +6)
You cannot fit into any form of body armour.
You are cold-blooded and may be slowed by cold attacks.


Message History

Confirm with . or Enter, or press ? or * to list all spells.
Aiming: Searing Ray (safe; 4% risk of failure)
Press: ? - help, Shift-Dir - straight line, f - steam dragon
Aim: a steam dragon (lightly wounded, catching its breath, 78% to hit)
The searing ray hits the steam dragon.
The steam dragon is lightly wounded. (Press . to maintain the ray.)
The searing ray hits the steam dragon.
The steam dragon is lightly wounded.
You are engulfed in a cloud of scalding steam.
The steam dragon bites you. The steam dragon claws you.
The searing ray hits the steam dragon.
The steam dragon is moderately wounded.
You are engulfed in a cloud of scalding steam.
The steam dragon breathes steam at you. The ball of steam hits you!
* * * LOW HITPOINT WARNING * * *
Casting: Searing Ray (safe; 4% risk of failure)
Confirm with . or Enter, or press ? or * to list all spells.
The spell is quite dangerous to miscast (38% risk of failure)!
Continue anyway?
Okay, then.
Blink to where?
Press: ? - help, Dir - move target, p - steam dragon
As you read the scroll of blinking, it crumbles to dust.
As you read the scroll of teleportation, it crumbles to dust.
You feel strangely unstable.
Your surroundings suddenly seem different.
You start resting.
A steam dragon is nearby!
Aiming: Bolt of Light
Press: ? - help, Shift-Dir - straight line, f - steam dragon
Aim: a steam dragon (moderately wounded, 71% to hit)
The bolt of light hits the steam dragon!
The steam dragon is almost dead.
The steam dragon is blinded.
You hit the steam dragon. You burn the steam dragon.
The steam dragon is almost dead.
The steam dragon breathes steam at you. The ball of steam hits you!!
You die...

............'.......
..##..##...####.###+
. #..##...####.##
#..+.......#..# #.
#.......'..# #.
#.......#..#
#########.##.##
#######.###..##.##.#
#..#..@.......#....+
#..#.##D....##+....#
#..##..#...#..#....#
#..##...###...#....#
#..'.....∩.........#
#..#....###........#
#..#...#...#..#....#
#..####.....##......#
#....D.......>......#


You could see a steam dragon (blind, catching breath).

Vanquished Creatures
  Eustachio (D:6)
  A human (D:3)
  A steam dragon (D:7)
  Edmund (D:6)
  An orc warrior (D:6)
  A sky beast (D:6)
  2 ice beasts (D:6)
  An ogre (D:5)
  Blork the orc (D:6)
  A necrophage (D:6)
  2 scorpions (D:5)
  2 howler monkeys (D:6)
  2 jellies
  A hound (D:4)
  5 iguanas
  A human skeleton (D:3)
  7 gnolls
  5 adders
  A white imp (D:5)
  An ufetubus (D:4)
  A worm (D:2)
  4 dart slugs
  4 orcs
  4 endoplasms
  4 giant cockroaches
  3 goblins
  10 hobgoblins
  12 jackals
  3 quokkas
  6 ball pythons
  3 bats
  3 frilled lizards
  3 kobolds
  A kobold skeleton (D:3)
  19 rats
118 creatures vanquished.

Vanquished Creatures (collateral kills)
  A necrophage (D:5)
  4 gnolls (D:5)
  An adder (D:5)
6 creatures vanquished.

Grand Total: 124 creatures vanquished

Notes
Turn   | Place    | Note
-------+----------+-------------------------------------------
     0 | D:1      | hawla the Draconian Conjurer began the quest for the Orb.
     0 | D:1      | Reached XP level 1. HP: 14/14 MP: 3/3
    66 | D:1      | Found a faded altar of an unknown god.
   238 | D:1      | Reached XP level 2. HP: 20/20 MP: 0/5
   245 | D:1      | Learned a level 2 spell: Searing Ray
   957 | D:1      | Reached XP level 3. HP: 18/26 MP: 0/6
  1656 | D:2      | Reached skill level 5 in Conjurations
  2099 | D:2      | Reached XP level 4. HP: 34/34 MP: 2/7
  2104 | D:2      | Learned a level 4 spell: Iskenderun's Mystic Blast
  2791 | D:3      | Reached skill level 1 in Translocations
  3078 | D:3      | Found a glowing drain.
  3136 | D:3      | Identified the +6 dagger of Absolution {flame, rN+ Str-4
                  | Dex+3 Stlth+}
  3734 | D:3      | Identified the +8 plate armour of the Morning Star {-Tele
                  | Rampage rC+++ Dex-2}
  3768 | D:3      | Found a runed translucent door.
  3768 | D:3      | Noticed a human
  3773 | D:3      | Found a basalt altar of Yredelemnul.
  3785 | D:3      | Reached XP level 5. HP: 39/39 MP: 8/8
  3827 | D:3      | Killed a human
  3828 | D:3      | Reached skill level 6 in Conjurations
  3828 | D:3      | Reached XP level 6. HP: 21/46 MP: 0/9
  4536 | D:4      | Found a runed translucent door.
  4542 | D:4      | Noticed XxsatanxX's ghost (amateur MiBe)
  5007 | D:5      | Entered Level 5 of the Dungeon
  5115 | D:5      | Reached skill level 7 in Conjurations
  5211 | D:5      | Your scales start taking on a rich purple colour.
  5211 | D:5      | Reached XP level 7. HP: 45/51 MP: 1/11
  5408 | D:5      | Learned a level 2 spell: Ensorcelled Hibernation
  5518 | D:5      | Reached skill level 1 in Hexes
  5787 | D:5      | Got the Cyclopedia of Vapour and Venin
  5857 | D:5      | Found an opulent altar of Gozag.
  6550 | D:6      | Noticed Blork the orc
  6552 | D:6      | Noticed Eustachio
  6561 | D:6      | Killed Eustachio
  6562 | D:6      | Reached skill level 1 in Fighting
  6562 | D:6      | Reached skill level 1 in Short Blades
  6562 | D:6      | Reached XP level 8. HP: 42/59 MP: 7/13
  6571 | D:6      | Killed Blork the orc
  6703 | D:6      | Found a staircase to the Ecumenical Temple.
  6725 | Temple   | Entered the Ecumenical Temple
  6798 | Temple   | Became a worshipper of Ashenzari the Shackled
  7230 | D:6      | Noticed Edmund
  7275 | D:6      | Killed Edmund
  7276 | D:6      | Reached skill level 8 in Conjurations
  7574 | D:6      | Reached skill level 1 in Ice Magic
  8022 | D:6      | Learned a level 1 spell: Apportation
  8027 | D:6      | Learned a level 4 spell: Airstrike
  8185 | D:7      | Found a radiant altar of Vehumet.
  8195 | D:7      | Fell from the grace of Ashenzari
  8195 | D:7      | Became a worshipper of Vehumet
  8618 | D:7      | Found Leyjun's Neck Hole.
  8629 | D:7      | Bought a scarf of repulsion for 132 gold pieces
  8677 | D:7      | Killed from afar by a steam dragon

Illustrated notes

Levels and vault maps discovered:
D:1:      elethiomel_arrival_shortcut, layout_basic, basic_ecumenical_altar,
          minmay_rat_gold_closets
D:2:      layout_basic, dreamdust_wishing_well, minmay_vboxes
D:3:      layout_basic, dk_yredelemnul_ordeal, portal_sewer_entry_a,
          serial_aquarium, aquarium_bridge_square [aquarium_subvault_window,
          aquarium_subvault_window, aquarium_subvault_bridge,
          aquarium_subvault_bridge], aquarium_bridge_long_joined
          [aquarium_subvault_balcony, aquarium_subvault_window,
          aquarium_subvault_balcony, aquarium_subvault_bridge,
          aquarium_subvault_bridge, aquarium_subvault_balcony],
          aquarium_window_1, aquarium_window_corner, aquarium_window_1,
          aquarium_window_corridor_2, aquarium_view_2d, aquarium_view_2c
D:4:      layout_loops_ring, ebering_ghost_sewer_d
D:5:      layout_rooms, nicolae_overflow_crystal_walls
D:6:      layout_loops_corners, minmay_temple_entry_arrows, uniq_edmund,
          uniq_blork_the_orc, uniq_eustachio
D:7:      layout_gridville, vehumet_altar_wand_db,
          nicolae_shop_sticking_my_neck_out, uniq_crazy_yiuf_cottage
Temple:   dshaligram_water_room_temple

Skill      XL: |  1  2  3  4  5  6  7  8 |
---------------+-------------------------+-----
Dodging        | 2 3 |  3.3
Conjurations   | 5 6 7 8 |  8.0
Translocations | 1 2 3 4 |  4.3
Stealth        | 3 |  3.3
Spellcasting   | 3 4 |  4.2
Hexes          | 2 |  2.3
Fighting       | 1 2 |  2.0
Short Blades   | 1 3 |  3.0
Ice Magic      | 1 |  1.0
Air Magic      | 2 |  2.9
Evocations     | |  0.3

Action                   |  1- 3 |  4- 6 |  7- 9 || total
-------------------------+-------+-------+-------++-------
Melee: Unarmed           |    90 |    46 |       ||   136
       Tailslap          |    10 |     9 |    10 ||    29
       Punch             |     1 |       |       ||     1
       Dagger            |       |    23 |   105 ||   128
Throw: Dart              |       |     1 |       ||     1
 Cast: Magic Dart        |    33 |    15 |     7 ||    55
       Searing Ray       |    28 |    16 |     8 ||    52
       Iskenderun's Myst |       |     6 |    23 ||    29
       Ensorcelled Hiber |       |       |     7 ||     7
Evoke: Wand              |       |       |     4 ||     4
  Use: Potion            |     2 |       |     2 ||     4
       Scroll            |       |    15 |     4 ||    19
 Stab: Sleeping          |       |     4 |     5 ||     9
       Distracted        |       |     1 |       ||     1
       Invisible         |       |       |     1 ||     1
Armor: Skin              |    37 |    29 |    23 ||    89
Dodge: Dodged            |    77 |    61 |    80 ||   218
